 Dungeon Crawl Stone Soup version 0.24.1-8-ga250c9d538 (webtiles) character file.

Game seed: 10625464637113203332, levelgen mode: deterministic

1856 Gildeon the Basher (level 9, -14/54 HPs)
             Began as a Gargoyle Fighter on May 3, 2020.
             Was a Follower of Ashenzari.
             Demolished by an ice beast (15 damage)
             ... on level 6 of the Dungeon.
             The game lasted 00:16:00 (4629 turns).

Gildeon the Basher (Gargoyle Fighter)               Turns: 4629, Time: 00:16:01

Health: -14/54     AC: 22    Str: 23    XL:     9   Next: 13%
Magic:  9/9        EV:  4    Int:  9    God:    Ashenzari [*.....]
Gold:   302        SH: 10    Dex: 14    Spells: 7/8 levels left

rFire    + . .     SeeInvis .   a - +0 flail
rCold    x . .     Gourm    .   c - +0 shield
rNeg     + + .     Faith    .   u - +0 plate armour (curse)
rPois    ∞         Spirit   .   (no helmet)
rElec    +         Reflect  .   h - +0 cloak
rCorr    .         Harm     .   (no gloves)
MR       .....                  q - +1 pair of boots "Ivaladaf" {+Inv Regen+ Dex+5} (curse)
Stlth    ..........             (no amulet)
HPRegen  0.58/turn              n - ring of positive energy
MPRegen  0.11/turn              r - ring of fire

@: no status effects
A: negative energy resistance 1, electricity resistance, unbreathing,
petrification resistance, rot immunity, AC +6
a: Curse Item, Scrying, Renounce Religion, Evoke Invisibility


You were on level 6 of the Dungeon.
You worshipped Ashenzari.
Ashenzari was aware of your devotion.
You were hungry.

You visited 2 branches of the dungeon, and saw 7 of its levels.

You collected 302 gold pieces.

Inventory:

Hand Weapons
 a - a +0 flail (weapon)
Armour
 c - a +0 shield (worn)
 h - a +0 cloak (worn)
 q - the cursed +1 pair of boots "Ivaladaf" (worn) {+Inv Regen+ Dex+5}
   (You found it on level 5 of the Dungeon)

   It affects your dexterity (+5).
   It lets you turn invisible.
   It increases your rate of regeneration.
   It has a curse placed upon it.
 u - a cursed +0 plate armour (worn)
Jewellery
 n - a ring of positive energy (left hand)
 r - a ring of fire (right hand)
Wands
 g - a wand of enslavement (12)
Scrolls
 e - 5 scrolls of remove curse
 i - a scroll of fog
 k - 2 scrolls of magic mapping
 l - 3 scrolls of blinking
 m - 3 scrolls of fear
 o - 5 scrolls of teleportation
 t - 4 scrolls of enchant weapon
Potions
 b - a potion of ambrosia
 d - a potion of might
 j - 3 potions of curing
 p - 2 potions of flight
 s - a potion of agility
 v - a potion of resistance {unknown}
 w - a potion of mutation
 z - a potion of lignification
 A - a potion of magic
Comestibles
 f - 11 rations


   Skills:
 - Level 5.0 Fighting
 + Level 10.4 Maces & Flails
 - Level 5.0 Armour
 + Level 0.6 Dodging
 + Level 3.5 Shields


You had 7 spell levels left.
You knew the following spells:

 Your Spells              Type           Power        Failure   Level  Hunger
a - Corona                Hex            #......      100%        1    ##.....

Your spell library contained the following spells:

 Spells                   Type           Power        Failure   Level  Hunger
 Beastly Appendage        Tmut           #.....       100%        1    ##.....
 Ensorcelled Hibernation  Hex/Ice        #.....       100%        2    ###....
 Sticks to Snakes         Tmut           #.......     100%        2    ###....
 Confuse                  Hex            #.......     100%        3    ####...
 Dazzling Spray           Conj/Hex       #.....       100%        3    ####...
 Spider Form              Tmut/Pois      #.........   100%        3    ####...
 Tukima's Dance           Hex            #.......     100%        3    ####...
 Ice Form                 Ice/Tmut       #.......     100%        4    #####..
 Blade Hands              Tmut           #.........   100%        5    ######.


Dungeon Overview and Level Annotations

Branches:
Dungeon (6/15)             Temple (1/1) D:6

Altars:
Ashenzari
Cheibriados
Dithmenos
Elyvilon
Fedhas
Gozag
Hepliaklqana
Kikubaaqudgha
Makhleb
Nemelex Xobeh
Okawaru
Qazlal
Ru
Sif Muna
Trog
Uskayaw
Vehumet
Wu Jian
Yredelemnul
Zin
The Shining One

Shops:
D:4 =

Annotations:
D:5 4 runed translucent doors


Innate Abilities, Weirdness & Mutations

You are resistant to torment.
Your stone body is resilient. (AC +6)
You are immune to poison.
You resist negative energy. (rN+)
You are resistant to electric shocks. (rElec)
You can survive without breathing.
You are immune to petrification.
You are immune to rotting.


Message History

You block the ice beast's attack.
You hit the ice beast but do no damage.
The ice beast is heavily wounded.
You block the ice beast's attack.
You sock the ice beast!
The ice beast is severely wounded.
The ice beast barely misses you.
You hit the ice beast.
The ice beast is almost dead.
The ice beast barely misses you.
Your plate armour prevents you from hitting the ice beast.
The ice beast is almost dead.
The ice beast hits you. The ice beast freezes you!!
You feel a terrible chill!
* * * LOW HITPOINT WARNING * * *
You hit the ice beast.
The ice beast is almost dead.
The ice beast hits you.
* * * LOW HITPOINT WARNING * * *
The ice beast freezes you!
You feel a terrible chill!
You die...

#.# #.........# #.
#.##########...## #.
#.............## #.
#.############# #. #<#
#. ###.### ## #.....#
#########
#...[Y########........
#....@......(..#######
#.....##########
#.....# #######


You could see an ice beast.

Vanquished Creatures
  A water moccasin (D:6)
  An ice beast (D:6)
  A phantom (D:4)
  4 centaurs
  Blork the orc (D:6)
  4 bullfrogs (D:6)
  A gnoll sergeant (D:5)
  A howler monkey (D:6)
  2 crimson imps
  A jelly (D:5)
  2 bullfrog zombies
  3 hounds
  A centaur skeleton (D:4)
  A bullfrog skeleton (D:5)
  2 orc wizards (D:6)
  2 human skeletons (D:4)
  5 worker ants
  2 hound zombies
  A hound skeleton (D:4)
  11 gnolls
  4 adders
  2 shadow imps
  4 oozes
  2 adder zombies (D:5)
  An adder skeleton (D:4)
  2 worms
  3 dart slugs
  3 orcs (D:6)
  5 giant cockroaches
  8 goblins
  8 hobgoblins
  13 jackals
  4 quokkas
  4 bats
  3 frilled lizards
  A giant cockroach zombie (D:6)
  A jackal zombie (D:4)
  8 kobolds
  6 rats
129 creatures vanquished.

Notes
Turn   | Place    | Note
-------+----------+-------------------------------------------
     0 | D:1      | Gildeon the Gargoyle Fighter began the quest for the Orb.
     0 | D:1      | Reached XP level 1. HP: 14/14 MP: 1/1
   208 | D:1      | Reached XP level 2. HP: 19/19 MP: 2/2
   321 | D:1      | Reached skill level 3 in Maces & Flails
   633 | D:1      | Reached XP level 3. HP: 23/23 MP: 3/3
   932 | D:2      | Learned a level 1 spell: Corona
   943 | D:2      | Reached skill level 4 in Maces & Flails
   967 | D:2      | Reached XP level 4. HP: 28/28 MP: 4/4
  1461 | D:3      | Found a shattered altar of Ashenzari.
  1461 | D:3      | Found an opulent altar of Gozag.
  1461 | D:3      | Found an iron altar of Okawaru.
  1467 | D:3      | Became a worshipper of Ashenzari the Shackled
  1796 | D:4      | Reached skill level 5 in Maces & Flails
  1796 | D:4      | Reached XP level 5. HP: 32/32 MP: 5/5
  1890 | D:4      | Found a runed translucent door.
  1890 | D:4      | Noticed a human
  1893 | D:4      | Found a basalt altar of Yredelemnul.
  1909 | D:4      | Reached skill level 6 in Maces & Flails
  1909 | D:4      | Reached XP level 6. HP: 29/37 MP: 6/6
  2138 | D:4      | Found Biot's Jewellery Shoppe.
  2219 | D:4      | Noticed a phantom
  2244 | D:4      | Killed a phantom
  2244 | D:4      | Reached skill level 7 in Maces & Flails
  2319 | D:4      | Found a hazy altar of Hepliaklqana.
  2411 | D:3      | Found an ornate altar of the Wu Jian Council.
  2438 | D:5      | Entered Level 5 of the Dungeon
  2566 | D:5      | Got the uncursed pair of boots "Ivaladaf" {+Inv Regen+
                  | Dex+5}
  2572 | D:5      | Identified the +1 pair of boots "Ivaladaf" {+Inv Regen+
                  | Dex+5} (You found it on level 5 of the Dungeon)
  2577 | D:5      | Found a large runed translucent door.
  2578 | D:5      | Found a large runed translucent door.
  2611 | D:5      | Reached XP level 7. HP: 41/41 MP: 7/7
  2654 | D:5      | Found a large runed translucent door.
  2654 | D:5      | Found a large runed translucent door.
  2692 | D:5      | Reached skill level 8 in Maces & Flails
  2859 | D:5      | Reached * piety under Ashenzari
  2865 | D:5      | Found a shimmering blue altar of Sif Muna.
  3042 | D:5      | Found a shadowy altar of Dithmenos.
  3548 | D:5      | Found a hide-covered altar of Uskayaw.
  3559 | D:5      | Reached skill level 9 in Maces & Flails
  3722 | D:6      | Reached XP level 8. HP: 40/46 MP: 8/8
  3967 | D:6      | Reached skill level 10 in Maces & Flails
  4168 | D:6      | Reached XP level 9. HP: 53/53 MP: 9/9
  4177 | D:6      | Reached skill level 5 in Fighting
  4177 | D:6      | Reached skill level 5 in Armour
  4190 | D:6      | Found a staircase to the Ecumenical Temple.
  4235 | Temple   | Entered the Ecumenical Temple
  4421 | D:6      | Found a blossoming altar of Fedhas.
  4521 | D:6      | Noticed Blork the orc
  4528 | D:6      | Killed Blork the orc
  4629 | D:6      | HP: 1/54 [ice beast (2)]
  4629 | D:6      | Demolished by an ice beast

Levels and vault maps discovered:
D:1:      lightli_arrival_isolated_outpost, layout_basic
D:2:      layout_basic, first_ration, minmay_domino_2
D:3:      layout_basic, nicolae_overflow_hidden_temple,
          gammafunk_temple_overflow_forgotten
D:4:      layout_rooms, marbit_many_paths, serial_shops, shop_statue,
          dk_yredelemnul_ordeal
D:5:      layout_basic, kennysheep_little_box, kennysheep_mini_moat,
          led_sif_book, minmay_hollow_rounded_squares
D:6:      minmay_cornered_nines, layout_loops_ring,
          fedhas_bush_and_centaur_altar, minmay_temple_entry_large_hall,
          uniq_blork_the_orc
Temple:   chequers_temple_sunken

Skill      XL: |  1  2  3  4  5  6  7  8  9 |
---------------+----------------------------+-----
Maces & Flails | 3 4 5 6 7 9 10 | 10.4
Fighting       | 4 5 |  5.0
Armour         | 4 5 |  5.0
Dodging        | |  0.6
Shields        | |  3.5

Action                   |  1- 3 |  4- 6 |  7- 9 || total
-------------------------+-------+-------+-------++-------
Melee: Flail             |   111 |   182 |   231 ||   524
Invok: Curse Item        |       |     1 |       ||     1
  Use: Scroll            |       |     9 |     6 ||    15
  Eat: Chunk             |       |     5 |     7 ||    12
Armor: Scale mail        |    59 |    61 |       ||   120
       Plate armour      |       |    99 |   146 ||   245
Dodge: Dodged            |    29 |    56 |    30 ||   115
Block: Shield            |    58 |    96 |   108 ||   262
